 Dungeon Crawl Stone Soup version 0.31-a0-152-g6aa68a64a1 (webtiles) character file.

Game seed: 14148259877515176125

263 qw the Shooter (level 6, -1/56 HPs)
             Began as a Naga Hunter on June 11, 2023.
             Slain by a bullfrog (5 damage)
             ... in a sewer.
             The game lasted 00:01:08 (2283 turns).

qw the Shooter (Naga Hunter)                        Turns: 2283, Time: 00:01:08

Health: -1/56      AC:  5    Str: 14    XL:     6   Next: 19%
Magic:  6/6        EV:  9    Int:  9    God:
Gold:   59         SH:  0    Dex: 16    Spells: 5/5 levels left

rFire   . . .        Y - +0 shortbow
rCold   . . .        (shield currently unavailable)
rNeg    . . .        c - +0 leather armour
rPois   +            k - +1 hat
rElec   .            (no cloak)
rCorr   .            h - +0 pair of gloves
SInv    +            (no barding)
Will    .....        (no amulet)
Stlth   ++           (no ring)
HPRegen 0.29/turn    (no ring)
MPRegen 0.10/turn

%: no passive effects
@: lethally poisoned (-1 -> -6), about to teleport, very slow
A: AC +2, large, see invisible, deformed body, poison resistance, slowness 2,
spit poison 1, naga tail 1
a: Spit Poison


You were in a sewer.
You visited 1 branch of the dungeon, and saw 3 of its levels.
You also visited: Sewer.

You collected 110 gold pieces.
You spent 51 gold pieces at shops.


Innate Abilities, Weirdness & Mutations

Your serpentine skin is tough. (AC +2)
You have supernaturally acute eyesight. (SInv)
Armour fits poorly on your strangely shaped body.
Your system is resistant to poisons. (rPois)
You cover ground very slowly.
You can spit poison.
You have a snake-like lower body.


   Skills:
 + Level 3.6 Fighting
 - Level 6.0 Ranged Weapons
 - Level 1.5 Dodging
 - Level 1.5 Stealth


You had 5 spell levels left.
You didn't know any spells.
Your spell library was empty.

Inventory:

Hand Weapons
 Y - a +0 shortbow (weapon)
Armour
 c - a +0 leather armour (worn)
 h - a +0 pair of gloves (worn)
 k - a +1 hat (worn)
Scrolls
 d - a scroll of summoning {unknown}
 l - a scroll of noise {unknown}
Potions
 a - a potion of haste {unknown}
 b - a potion of resistance {unknown}
 f - a potion of enlightenment {unknown}
 g - a potion of lignification {unknown}
 i - 3 potions of curing
 j - a potion of degeneration {unknown}
 m - a potion of experience {unknown}

Dungeon Overview and Level Annotations

Branches:
Dungeon (3/15)              Sewer (1/1)

Altars:

Shops:
D:2 *


Message History

The adder bites you but does no damage. The adder barely misses you.
The adder bites you. The bullfrog hits you. The adder bites you.
The bullfrog hits you.
You shoot an arrow. The arrow barely misses the bullfrog.
The arrow completely misses the ball python.
You have got your breath back.
The bullfrog hits you. The adder closely misses you.
The adder bites you but does no damage. The adder completely misses you.
The bullfrog hits you. The adder barely misses you. The adder bites you.
You are poisoned.
The adder poisons you! The adder closely misses you.
The bullfrog hits you but does no damage.
The adder bites you.
2281 ||| INVOKING Spit Poison.
Aiming: Spit Poison (1% risk of failure)
Press: ? - help, Shift-Dir - straight line, f/p - bullfrog The splash of poison hits the bullfrog!
The bullfrog is poisoned.
The bullfrog is severely wounded.
You feel sick.
The bullfrog hits you but does no damage. x2
The adder bites you. The adder bites you but does no damage.
The adder closely misses you. The bullfrog hits you.
You shoot an arrow. The arrow closely misses the bullfrog.
The arrow closely misses the ball python.
You feel sick. The bullfrog hits you. The adder bites you but does no damage.
The ball python barely misses you. The adder bites you but does no damage.
The bullfrog hits you. The adder bites you. The bullfrog barely misses you.
The adder barely misses you. The adder bites you.
You are more poisoned.
The adder poisons you!
The bullfrog hits you but does no damage.
The adder bites you.
2283 ||| READING scroll of teleportation.
As you read the scroll of teleportation, it crumbles to dust.
You feel strangely unstable.
You have got your breath back.
You feel sick. The adder barely misses you. The bullfrog hits you.
The ball python barely misses you. The adder bites you but does no damage.
The bullfrog hits you.
You die...

##....
#......#
#.....
#..~~..#
#.~.~.
#~~~~~~#
#~~~~~
#~~~~~~#
#~~~~~
#~~~~~~#
#~~~~~
#~S~~~~#
#~~~~~
#SFS~~~#
#~~~~~
#S@SS~~#
#~~~~~
#~SF~~~#
#~~~~~
#~.~~~~#
#~.~~~
#~~#~~~#
#~.(/.
#~~~~~~#
##~~~~
#~~~~~~#
#~~~~~
#~~~~~~#
#~~~~~
#~~~~~~#
#~~~~~
#~~~~~~#
#~~~~~


You could see 2 bullfrogs, 4 adders and 3 ball pythons.

Vanquished Creatures
  An orc wizard (D:3)
  10 adders
  4 river rats (Sewer)
  4 dart slugs
  2 orcs (D:3)
  7 endoplasms
  13 giant cockroaches
  4 hobgoblins
  4 jackals (D:3)
  5 quokkas
  8 ball pythons
  A bat (D:2)
  4 frilled lizards
  5 goblins
  4 kobolds
  39 rats
115 creatures vanquished.

Notes
Turn   | Place    | Note
-------+----------+-------------------------------------------
     0 | D:1      | qw the Naga Hunter began the quest for the Orb.
     0 | D:1      | Reached XP level 1. HP: 19/19 MP: 1/1
     0 | D:1      | 0 ||| qw: Version: 0.2-a-29-gdad1ea2
     0 | D:1      | 0 ||| qw: Game counter: 4055
     0 | D:1      | 0 ||| qw: Always use a shield: true
     0 | D:1      | 0 ||| qw: God list: Okawaru
     0 | D:1      | 0 ||| qw: Allow faded altars: false
     0 | D:1      | 0 ||| qw: Do Orc after D:15 true
     0 | D:1      | 0 ||| qw: Do second Lair branch before Depths: true
     0 | D:1      | 0 ||| qw: Lair rune preference: random
     0 | D:1      | 0 ||| qw: Plans: Normal
     0 | D:1      | 0 ||| PLANNING D:1-11
    52 | D:1      | 52 ||| INVOKING Spit Poison.
    58 | D:1      | 58 ||| INVOKING Spit Poison.
    78 | D:1      | 78 ||| INVOKING Spit Poison.
    83 | D:1      | 83 ||| INVOKING Spit Poison.
    95 | D:1      | 95 ||| INVOKING Spit Poison.
   107 | D:1      | Reached skill level 4 in Ranged Weapons
   107 | D:1      | Reached XP level 2. HP: 26/26 MP: 2/2
   216 | D:1      | 216 ||| INVOKING Spit Poison.
   226 | D:1      | 226 ||| INVOKING Spit Poison.
   246 | D:1      | 246 ||| INVOKING Spit Poison.
   259 | D:1      | 259 ||| INVOKING Spit Poison.
   298 | D:1      | 298 ||| INVOKING Spit Poison.
   316 | D:1      | 316 ||| INVOKING Spit Poison.
   509 | D:1      | 509 ||| Stepping ~*~*~tactically~*~*~ (outnumbered).
   511 | D:1      | 511 ||| Stepping ~*~*~tactically~*~*~ (outnumbered).
   513 | D:1      | 513 ||| INVOKING Spit Poison.
   514 | D:1      | Reached XP level 3. HP: 32/32 MP: 3/3
   517 | D:1      | 517 ||| INVOKING Spit Poison.
   540 | D:1      | 540 ||| INVOKING Spit Poison.
   637 | D:1      | 637 ||| UPGRADING to +1 hat.
   642 | D:1      | 642 ||| READING 2 scrolls labelled XUTSOF ZOQAILOETI.
   643 | D:1      | 643 ||| READING scroll labelled ODOIXTO OGRIS.
   644 | D:1      | 644 ||| READING scroll labelled QURHIFISAT.
   645 | D:1      | 645 ||| READING scroll labelled NAEFROAFUU.
   649 | D:1      | 649 ||| DROPPING scroll of fear.
   650 | D:1      | 650 ||| DROPPING scroll of butterflies.
   654 | D:2      | 654 ||| INVOKING Spit Poison.
   657 | D:2      | Found Ditz's Assorted Antiques.
   667 | D:2      | 667 ||| BUYING 3 grey potions (51 gold).
   667 | D:2      | Bought 3 grey potions for 51 gold pieces
   667 | D:2      | 667 ||| SHOPLISTING 3 scrolls labelled CESIUZXEG KEFAI (57
                  | gold, have 4).
   667 | D:2      | 667 ||| SHOPLISTING blue potion (17 gold, have 4).
   667 | D:2      | 667 ||| SHOPLISTING bone ring (95 gold, have 4).
   667 | D:2      | 667 ||| SHOPLISTING grey potion (17 gold, have 4).
   667 | D:2      | 667 ||| SHOPLISTING scroll labelled BETODW UFREI (19 gold,
                  | have 4).
   667 | D:2      | 667 ||| SHOPLISTING scroll labelled QYFEEH ENUVUF (19 gold,
                  | have 4).
   667 | D:2      | 667 ||| SHOPLISTING scroll of identify (38 gold, have 4).
   667 | D:2      | 667 ||| SHOPLISTING sharpened gold wand (76 gold, have 4).
   671 | D:2      | 671 ||| INVOKING Spit Poison.
   679 | D:2      | 679 ||| INVOKING Spit Poison.
   705 | D:2      | Found a faded altar of an unknown god.
   717 | D:2      | 717 ||| INVOKING Spit Poison.
   768 | D:2      | 768 ||| INVOKING Spit Poison.
   772 | D:2      | 772 ||| INVOKING Spit Poison.
   789 | D:2      | 789 ||| INVOKING Spit Poison.
   803 | D:2      | 803 ||| INVOKING Spit Poison.
   833 | D:2      | 833 ||| INVOKING Spit Poison.
   839 | D:2      | 839 ||| INVOKING Spit Poison.
   844 | D:2      | 844 ||| INVOKING Spit Poison.
   847 | D:2      | 847 ||| INVOKING Spit Poison.
   850 | D:2      | 850 ||| INVOKING Spit Poison.
   871 | D:2      | 871 ||| INVOKING Spit Poison.
   960 | D:2      | 960 ||| INVOKING Spit Poison.
   962 | D:2      | Reached skill level 5 in Ranged Weapons
   962 | D:2      | Reached XP level 4. HP: 39/39 MP: 4/4
   990 | D:2      | 990 ||| INVOKING Spit Poison.
  1187 | D:2      | 1187 ||| INVOKING Spit Poison.
  1210 | D:2      | 1210 ||| INVOKING Spit Poison.
  1213 | D:2      | 1213 ||| INVOKING Spit Poison.
  1263 | D:2      | 1263 ||| INVOKING Spit Poison.
  1267 | D:2      | 1267 ||| INVOKING Spit Poison.
  1270 | D:2      | 1270 ||| INVOKING Spit Poison.
  1370 | D:2      | 1370 ||| INVOKING Spit Poison.
  1389 | D:2      | 1389 ||| INVOKING Spit Poison.
  1394 | D:2      | 1394 ||| INVOKING Spit Poison.
  1580 | D:2      | 1580 ||| UPGRADING to +0 pair of gloves.
  1585 | D:2      | 1585 ||| DROPPING +6 ring of intelligence.
  1586 | D:2      | 1586 ||| READING scroll labelled VUPOIG FUOXE.
  1587 | D:2      | 1587 ||| DRINKING 4 grey potions.
  1617 | D:3      | 1617 ||| PLANNING SEWER
  1634 | D:3      | 1634 ||| INVOKING Spit Poison.
  1636 | D:3      | Reached skill level 3 in Fighting
  1638 | D:3      | 1638 ||| INVOKING Spit Poison.
  1645 | D:3      | 1645 ||| INVOKING Spit Poison.
  1646 | D:3      | Reached XP level 5. HP: 41/45 MP: 5/5
  1695 | D:3      | 1695 ||| INVOKING Spit Poison.
  1701 | D:3      | 1701 ||| INVOKING Spit Poison.
  1705 | D:3      | 1705 ||| INVOKING Spit Poison.
  1711 | D:3      | 1711 ||| INVOKING Spit Poison.
  1715 | D:3      | 1715 ||| INVOKING Spit Poison.
  1797 | D:3      | 1797 ||| INVOKING Spit Poison.
  1802 | D:3      | Found a glowing drain.
  1812 | Sewer    | Entered a sewer
  1828 | Sewer    | 1828 ||| INVOKING Spit Poison.
  1833 | Sewer    | 1833 ||| INVOKING Spit Poison.
  1838 | Sewer    | 1838 ||| INVOKING Spit Poison.
  1845 | Sewer    | 1845 ||| INVOKING Spit Poison.
  1854 | Sewer    | 1854 ||| INVOKING Spit Poison.
  1861 | Sewer    | 1861 ||| INVOKING Spit Poison.
  1866 | Sewer    | 1866 ||| INVOKING Spit Poison.
  1869 | Sewer    | 1869 ||| INVOKING Spit Poison.
  1881 | Sewer    | 1881 ||| INVOKING Spit Poison.
  1936 | Sewer    | 1936 ||| INVOKING Spit Poison.
  1945 | Sewer    | 1945 ||| INVOKING Spit Poison.
  1952 | Sewer    | 1952 ||| INVOKING Spit Poison.
  1956 | Sewer    | 1956 ||| INVOKING Spit Poison.
  1960 | Sewer    | 1960 ||| INVOKING Spit Poison.
  2031 | Sewer    | 2031 ||| INVOKING Spit Poison.
  2038 | Sewer    | 2038 ||| INVOKING Spit Poison.
  2042 | Sewer    | 2042 ||| INVOKING Spit Poison.
  2047 | Sewer    | 2047 ||| INVOKING Spit Poison.
  2051 | Sewer    | Reached skill level 6 in Ranged Weapons
  2100 | Sewer    | 2100 ||| INVOKING Spit Poison.
  2107 | Sewer    | 2107 ||| INVOKING Spit Poison.
  2108 | Sewer    | Reached XP level 6. HP: 51/56 MP: 6/6
  2131 | Sewer    | 2131 ||| INVOKING Spit Poison.
  2137 | Sewer    | 2137 ||| INVOKING Spit Poison.
  2144 | Sewer    | 2144 ||| INVOKING Spit Poison.
  2216 | Sewer    | 2216 ||| INVOKING Spit Poison.
  2219 | Sewer    | 2219 ||| INVOKING Spit Poison.
  2224 | Sewer    | 2224 ||| INVOKING Spit Poison.
  2275 | Sewer    | 2275 ||| INVOKING Spit Poison.
  2281 | Sewer    | 2281 ||| INVOKING Spit Poison.
  2282 | Sewer    | HP: 14/56 [adder (3)]
  2283 | Sewer    | 2283 ||| READING scroll of teleportation.
  2283 | Sewer    | HP: 4/56 [bullfrog (5)]
  2283 | Sewer    | Slain by a bullfrog

Levels and vault maps discovered:
D:1:      minmay_arrival_plants_in_alcoves, layout_loops_ring, minivault_5
D:2:      minmay_roachtagon, layout_loops_corners, ebering_ecumenical_altar_box,
          serial_shops, nicolae_square_shop, chequers_serial_rivers_small_b,
          grunt_ministairs_9
D:3:      layout_loops_ring, mainiacjoe_overflow_alcove_2, portal_sewer_entry_b
Sewer:    sewer_minmay_w

Skill      XL: |  1  2  3  4  5 |
---------------+----------------+-----
Ranged Weapons | 4 5 6 |  6.0
Fighting       | 3 |  3.6
Dodging        | |  1.5
Stealth        | |  1.5

Action                     |  1- 3 |  4- 6 || total
---------------------------+-------+-------++-------
   Fire: Shortbow          |    54 |   166 ||   220
Ability: Spit Poison       |    29 |    47 ||    76
    Use: Scroll            |     4 |     2 ||     6
         Potion            |       |     1 ||     1
 Armour: Leather armour    |    14 |    71 ||    85
  Dodge: Dodged            |    19 |    81 ||   100

Table legend:
 A = Non-vault XP
 B = Vault XP
 C = Vault XP percentage of total XP
 D = Non-vault monster count
 E = Vault monster count
 F = Vault count percentage of total count
                 A         B        C        D         E       F
            +---------+---------+-------+---------+---------+-------
      Total |     151 |     226 |  59.9 |      49 |      66 |  57.4
            +---------+---------+-------+---------+---------+-------
        D:1 |      42 |       0 |   0.0 |      21 |       0 |   0.0
        D:2 |      54 |      36 |  40.0 |      17 |      13 |  43.3
        D:3 |      55 |       6 |   9.8 |      11 |       5 |  31.2
      Sewer |       0 |     184 | 100.0 |       0 |      48 | 100.0
            +---------+---------+-------+---------+---------+-------
